 Dungeon Crawl Stone Soup version 0.28.0-53-g5a82cb258f (webtiles) character file.

Game seed: 7641423657562761330

145 issech the Chopper (level 5, -2/47 HPs)
             Began as a Minotaur Monk on May 28, 2022.
             Slain by a wyvern (11 damage)
             ... on level 3 of the Dungeon.
             The game lasted 00:05:45 (2863 turns).

issech the Chopper (Minotaur Monk)                  Turns: 2863, Time: 00:05:46

Health: -2/47      AC:  7    Str: 16    XL:     5   Next: 6%
Magic:  4/4        EV: 11    Int:  7    God:
Gold:   143        SH:  0    Dex: 14    Spells: 4/4 levels left

rFire   . . .      SeeInvis .   a - +0 hand axe
rCold   . . .      Faith    .   (no shield)
rNeg    . . .      Spirit   .   e - +0 scale mail
rPois   .          Reflect  .   (helmet restricted)
rElec   .          Harm     .   q - +0 cloak
rCorr   .          Rampage  .   (no gloves)
Will    .....                   (no boots)
Stlth   +.........              (no amulet)
HPRegen 0.15/turn               (no ring)
MPRegen 0.09/turn               (no ring)

@: no status effects
A: horns 2, retaliatory headbutt
a: no special abilities


You were on level 3 of the Dungeon.
You visited 2 branches of the dungeon, and saw 5 of its levels.

You collected 143 gold pieces.

Inventory:

Hand Weapons
 a - a +0 hand axe (weapon)
 d - a +0 short sword
 g - a +0 club
 i - a +0 club
 u - a +0 spear
 y - a +1 dagger of draining
 C - a +0 rapier
 D - a +0 spear
 F - a +0 mace
Missiles
 h - 103 stones (quivered)
 p - 4 poisoned darts
 v - a throwing net
 E - 25 arrows
Armour
 b - a +0 robe
 e - a +0 scale mail (worn)
 q - a +0 cloak (worn)
 s - a +0 leather armour
 x - a +0 robe
 A - a +0 leather armour
 H - a +0 helmet
Wands
 z - a wand of iceblast (6)
Scrolls
 j - a scroll of blinking {unknown}
 k - a scroll of enchant weapon {unknown}
 n - 3 scrolls of immolation {unknown}
 I - 2 scrolls of magic mapping {unknown}
Potions
 c - a potion of curing {unknown}
 f - a potion of magic {unknown}
 l - a potion of cancellation {unknown}
 m - a potion of heal wounds {unknown}
 o - a potion of berserk rage {unknown}
 r - a potion of brilliance {unknown}
 t - 2 potions of flight {unknown}
 w - a potion of mutation {unknown}
 B - a potion of degeneration {unknown}
 G - a potion of attraction {unknown}


   Skills:
 + Level 4.5 Fighting
 + Level 5.2 Axes
 + Level 2.1 Armour
 + Level 4.0 Dodging
 + Level 1.8 Stealth


You had 4 spell levels left.
You didn't know any spells.
Your spell library contained the following spells:

 Spells                   Type           Power      Damage    Failure   Level
 Borgnjor's Revivificati  Necr           0%         N/A       100%        8
 Necromutation            Tmut/Necr      0%         N/A       100%        8
 Death's Door             Necr           0%         N/A       100%        9


Dungeon Overview and Level Annotations

Branches:
Dungeon (4/15)             Temple (1/1) D:4

Altars:
Ashenzari
Cheibriados
Dithmenos
Elyvilon
Gozag
Makhleb
Trog
Uskayaw
Vehumet
Wu Jian
Xom
Yredelemnul
The Shining One
Lugonu


Innate Abilities, Weirdness & Mutations

You have a pair of horns on your head.
You reflexively headbutt those who attack you in melee.


Message History

There is a stone staircase leading down here.
You open the door.
There is an open door here.
Found a stone staircase leading down.
Found a stone staircase leading up.
A wyvern comes into view.
The wyvern hisses angrily.
An adder comes into view.
Found a robe.
The adder hisses angrily.
Found 9 gold pieces.
An ice beast comes into view.
The wyvern bites you!
An orc comes into view. It is wielding a +0 short sword.
The orc shouts!
The wyvern bites you. The wyvern barely misses you. You furiously retaliate!
You headbutt the wyvern, but do no damage.
There is a stone staircase leading up here.
The wyvern bites you.
You climb upwards.
There is a stone staircase leading down here.
You closely miss the wyvern. The wyvern bites you.
The wyvern completely misses you.
You hit the wyvern. You headbutt the wyvern. Your punch misses the wyvern.
The wyvern is lightly wounded.
The wyvern bites you.
You hit the wyvern.
The wyvern is moderately wounded.
The wyvern bites you but does no damage.
The wyvern bites you.
You barely miss the wyvern.
The wyvern is moderately wounded.
The wyvern misses you. You furiously retaliate!
You headbutt the wyvern. You hit the wyvern.
The wyvern is heavily wounded.
The wyvern bites you!
* * * LOW HITPOINT WARNING * * *
The wyvern bites you!
You die...

...# #.......# #######
#.#.# ...# ####.#####
#.... ...# #.......####
###.# ...## #.##.......#
#.# ....# #.##.##.##.# #.#
....# #.##....##.#######
#.# ....#
#.##.##..........#######.#
....##
#.##.##.########.........#
.....# #......##@##
########### ####.#
####...#l..#
..##.##########.8.#
#.##.......# #...#
#.########.# ##.## #.#
#######'####### #.###
##...##...##...## ....#
#>.8....8.'..8.># ....#
##...##...##...##


You could see a wyvern.

Vanquished Creatures
  A hound (D:4)
  3 gnolls (D:2)
  4 adders (D:2)
  A worm (D:2)
  2 dart slugs
  6 ball pythons
  5 endoplasms
  2 goblins
  7 hobgoblins
  5 quokkas
  6 bats
  A frilled lizard (D:1)
  5 kobolds
  A rat (D:1)
49 creatures vanquished.

Notes
Turn   | Place    | Note
-------+----------+-------------------------------------------
     0 | D:1      | issech the Minotaur Monk began the quest for the Orb.
     0 | D:1      | Reached XP level 1. HP: 19/19 MP: 0/0
   345 | D:1      | Reached XP level 2. HP: 26/27 MP: 1/1
   980 | D:2      | Reached XP level 3. HP: 20/33 MP: 2/2
  1117 | D:2      | Reached skill level 4 in Axes
  1251 | D:2      | Found a faded altar of an unknown god.
  1291 | D:2      | Reached skill level 1 in Armour
  1344 | D:2      | Reached XP level 4. HP: 37/41 MP: 3/3
  2184 | D:3      | Found a burning altar of Makhleb.
  2186 | D:3      | Found a broken altar of Ashenzari.
  2191 | D:3      | Found a shimmering altar of Xom.
  2191 | D:3      | Found an ornate altar of the Wu Jian Council.
  2194 | D:3      | Found a bloodstained altar of Trog.
  2195 | D:3      | Found a white marble altar of Elyvilon.
  2286 | D:3      | Reached skill level 5 in Axes
  2704 | D:4      | Found a staircase to the Ecumenical Temple.
  2716 | Temple   | Entered the Ecumenical Temple
  2772 | D:4      | Reached XP level 5. HP: 46/47 MP: 4/4
  2850 | D:4      | Noticed a wyvern
  2852 | D:4      | Noticed an ice beast
  2863 | D:3      | Slain by a wyvern

Illustrated notes

Levels and vault maps discovered:
D:1:      minmay_arrival_diagonal_passages, layout_loops_corners
D:2:      layout_rooms, ebering_ecumenical_altar_rust, minivault_27
D:3:      layout_loops_cross, minitemple, solitary_fountain, grunt_ministairs_5,
          minmay_misc_feat_ornament
D:4:      layout_gridville, mainiacjoe_overflow_small_starburst,
          minmay_temple_entry_ruins, minmay_manual_maat
Temple:   corrupted_temple

Skill      XL: |  1  2  3  4 |
---------------+-------------+-----
Fighting       | 4 |  4.5
Axes           | 4 5 |  5.2
Armour         | 1 2 |  2.1
Dodging        | 4 |  4.0
Stealth        | |  1.8

Action                   |  1- 3 |  4- 6 || total
-------------------------+-------+-------++-------
Melee: Hand axe          |    76 |    36 ||   112
       Headbutt          |     9 |     5 ||    14
       Punch             |     1 |       ||     1
 Stab: Sleeping          |     1 |       ||     1
Armor: Scale mail        |    30 |     8 ||    38
Dodge: Dodged            |    52 |    20 ||    72
